 Dungeon Crawl Stone Soup version 0.29.1-12-g30fa7ad0bf (webtiles) character file.

Game seed: 1337422769113354883

1395 zeram the Cudgeller (level 8, -1/49 HPs)
             Began as a Gargoyle Fighter on Dec 24, 2022.
             Killed from afar by Maggie (6 damage)
             ... with a bolt of fire
             ... on level 7 of the Dungeon on Dec 26, 2022.
             The game lasted 00:09:16 (4779 turns).

zeram the Cudgeller (Gargoyle Fighter)              Turns: 4779, Time: 00:09:17

Health: -1/49      AC: 15    Str: 23    XL:     8   Next: 68%
Magic:  0/8        EV:  7    Int:  8    God:
Gold:   725        SH: 12    Dex:  9    Spells: 7/7 levels left

rFire   . . .      SeeInvis .   x - +2 flail (vorpal)
rCold   . . .      Faith    .   i - +0 tower shield
rNeg    + . .      Spirit   +   b - +0 scale mail
rPois   ∞          Reflect  .   o - +0 helmet
rElec   +          Harm     .   v - scarf {repulsion}
rCorr   .          Rampage  +   (no gloves)
Will    .....                   s - +0 pair of boots {rampage}
Stlth   ..........              h - amulet of guardian spirit
HPRegen 0.16/turn               (no ring)
MPRegen 0.11/turn               (no ring)

@: mighty, mesmerised, repel missiles
A: sickness immunity, AC +5, negative energy resistance 1, electricity
resistance, torment resistance 1, petrification resistance
a: no special abilities


You were on level 7 of the Dungeon.
You visited 1 branch of the dungeon, and saw 6 of its levels.

You collected 1079 gold pieces.
You spent 354 gold pieces at shops.

Inventory:

Hand Weapons
 a - a +1 flail
 w - the +7 quarterstaff of Frustration {vorpal, rElec rN+ Str+2 Dex+3}
   (You found it on level 5 of the Dungeon)

   It inflicts extra damage upon your enemies.
   Str:       It affects your strength (+2).
   Dex:       It affects your dexterity (+3).
   rElec:     It insulates you from electricity.
   rN:        It protects you from negative energy.
 x - a +2 vorpal flail (weapon)
Armour
 b - a +0 scale mail (worn)
 c - a +0 buckler
 i - a +0 tower shield (worn)
 o - a +0 helmet (worn)
 s - a +0 pair of boots of rampaging (worn)
 v - a scarf of repulsion (worn)
 y - a +0 scale mail of cold resistance
Jewellery
 h - an amulet of guardian spirit (around neck)
 r - a ring of willpower
 z - an amulet of regeneration
Scrolls
 f - 3 scrolls of teleportation
 n - a scroll of blinking
 q - a scroll of butterflies {unknown}
 t - a scroll of noise {unknown}
 B - a scroll of enchant weapon
 D - a scroll of amnesia {unknown}
Potions
 d - a potion of might
 e - 3 potions of berserk rage
 g - a potion of resistance
 j - 2 potions of flight
 k - a potion of attraction {unknown}
 l - 3 potions of heal wounds
 m - 2 potions of curing
 p - 4 potions of ambrosia
 u - a potion of haste {unknown}
 A - 2 potions of degeneration {unknown}
 C - a potion of lignification {unknown}


   Skills:
 + Level 5.1 Fighting
 + Level 6.8 Maces & Flails
 + Level 6.2 Armour
 + Level 2.4 Dodging
 + Level 5.5 Shields


You had 7 spell levels left.
You didn't know any spells.
Your spell library contained the following spells:

 Spells                   Type           Power      Damage    Failure   Level
 Blink                    Tloc           0%         N/A       100%        2
 Ozocubu's Armour         Ice            0%         N/A       100%        3
 Manifold Assault         Tloc           0%         N/A       100%        5
 Ozocubu's Refrigeration  Ice            0%         4d7       100%        7
 Storm Form               Tmut/Air       0%         N/A       100%        7


Dungeon Overview and Level Annotations

Branches:
Dungeon (5/15)
 Temple: D:4-7

Altars:
Hepliaklqana

Shops:
D:3 [   D:4 [*(   D:5 ?

Annotations:
D:3 1 runed translucent door
D:7 Maggie


Innate Abilities, Weirdness & Mutations

You are immune to sickness and miasma.
Your stone body is resilient. (AC +5)
You are immune to poison.
You resist negative energy. (rN+)
You are resistant to electric shocks. (rElec)
You are resistant to unholy torment.
You are immune to petrification.


Message History

You barely miss Maggie. Maggie hits you with a +0 glaive!
You hit Maggie.
Maggie is lightly wounded.
Maggie hits you with a +0 glaive! You block Maggie's attack.
You are too injured to fight recklessly!
You are too injured to fight recklessly!
You are too injured to fight recklessly!
You are too injured to fight recklessly!
You are too injured to fight recklessly!
You are too injured to fight recklessly!
Unknown command.
Really walk into that dispersal trap?
You enter a dispersal trap!
Maggie blinks! x2; You blink.
You aren't carrying any items that you can evoke.
You feel very mighty all of a sudden.
Maggie casts a spell.
Maggie attempts to bespell you! You resist with almost no effort.
You rampage towards Maggie!
You closely miss Maggie.
Maggie is lightly wounded.
Maggie casts a spell.
Maggie attempts to bespell you!
You are mesmerised by Maggie!
You closely miss Maggie.
Maggie is lightly wounded.
Maggie hits you with a +0 glaive.
You sock Maggie!
Maggie is moderately wounded.
You block Maggie's attack. Maggie closely misses you.
You closely miss Maggie.
Maggie is moderately wounded.
You block Maggie's attack.
You thump Maggie!
Maggie is heavily wounded.
Maggie gives herself a magical halo, but it quickly sputters out.
Maggie casts a spell at you. The bolt of fire hits you!!
* * * LOW HITPOINT WARNING * * *
Maggie points at you and mumbles some strange words.
The bolt of fire hits you!
You die...

#..#.......######....
#.#.....#...........
#................ ..
#................ #.##
##.^.............. #..#
#..............# #..#
#..............# #..
#.....@.......# #..
##.....@.#.#..## #...#.
#........#.#### #...#.
.........##...### #....#
.###.....#..⌠...#####...#
###..##........#####..
##.#.............###
###........⌠.##..[#
#...........#..⌠..
#.⌠........##.....


You could see Maggie (mesmerising).

Vanquished Creatures
  Sigmund (D:4)
  Eustachio (D:5)
  Edmund (D:5)
  2 ice beasts (D:5)
  2 black bears (D:5)
  The ghost of Rangus the Firebug, an amateur OpWn of Gozag (D:3)
  A bullfrog (D:7)
  2 jellies
  4 hounds
  2 orc wizards (D:4)
  3 gnolls (D:3)
  12 adders
  A white imp (D:7)
  An ufetubus (D:5)
  A worm (D:2)
  2 dart slugs (D:1)
  11 orcs
  8 ball pythons
  4 endoplasms
  3 giant cockroaches
  3 goblins
  7 hobgoblins
  5 jackals
  3 kobolds
  5 quokkas
  5 frilled lizards (D:1)
  5 rats
96 creatures vanquished.

Vanquished Creatures (others)
  4 demonic plants (D:1)
  2 fungi (D:1)
  A plant (D:1)
  3 withered plants (D:1)
10 creatures vanquished.

Grand Total: 106 creatures vanquished

Notes
Turn   | Place    | Note
-------+----------+-------------------------------------------
     0 | D:1      | zeram the Gargoyle Fighter began the quest for the Orb.
     0 | D:1      | Reached XP level 1. HP: 14/14 MP: 1/1
   260 | D:1      | Reached XP level 2. HP: 5/19 MP: 2/2
   653 | D:1      | Found a faded altar of an unknown god.
   906 | D:1      | Reached XP level 3. HP: 24/24 MP: 3/3
  1505 | D:2      | Reached XP level 4. HP: 28/29 MP: 4/4
  1602 | D:2      | Found a hazy altar of Hepliaklqana.
  1797 | D:3      | Found a runed translucent door.
  1799 | D:3      | Noticed Rangus's ghost (amateur OpWn)
  1862 | D:3      | Killed Rangus's ghost
  1863 | D:3      | Reached skill level 1 in Dodging
  1863 | D:3      | Reached XP level 5. HP: 23/33 MP: 3/5
  1878 | D:3      | Found a runed translucent door.
  2159 | D:3      | Found Togeawn's Armour Shoppe.
  2384 | D:3      | Reached XP level 6. HP: 19/38 MP: 4/6
  3085 | D:4      | Found Jeshinno's General Store.
  3090 | D:4      | Bought a scroll of teleportation for 33 gold pieces
  3159 | D:4      | Found Depnoere's Antique Armour Boutique.
  3377 | D:4      | Noticed Sigmund
  3401 | D:4      | Killed Sigmund
  3472 | D:4      | Reached skill level 5 in Maces & Flails
  3472 | D:4      | Reached XP level 7. HP: 44/44 MP: 7/7
  3489 | D:4      | Found Lyluibut's Weapon Shop.
  3499 | D:4      | Reached skill level 5 in Armour
  3770 | D:5      | Entered Level 5 of the Dungeon
  3836 | D:5      | Noticed Edmund
  3838 | D:5      | Identified the +7 quarterstaff of Frustration {vorpal,
                  | rElec rN+ Str+2 Dex+3}
  3849 | D:5      | Killed Edmund
  3912 | D:5      | Found Huro's Magic Scroll Boutique.
  4069 | D:5      | Bought a scroll of enchant weapon for 97 gold pieces
  4113 | D:4      | Reached XP level 8. HP: 21/48 MP: 4/8
  4283 | D:4      | Identified a scroll of acquirement
  4283 | D:4      | Acquired 935 gold pieces
  4346 | D:3      | Bought a +0 tower shield for 63 gold pieces
  4346 | D:3      | Bought a +0 pair of boots of rampaging for 161 gold pieces
  4425 | D:5      | Noticed Eustachio
  4435 | D:5      | Killed Eustachio
  4446 | D:5      | Reached skill level 5 in Fighting
  4446 | D:5      | Reached skill level 5 in Shields
  4645 | D:5      | You fall into a shaft and drop 2 floors!
  4768 | D:7      | Noticed Maggie
  4779 | D:7      | Killed from afar by Maggie

Illustrated notes

Levels and vault maps discovered:
D:1:      dpeg_arrival_castle, layout_rooms, shapermc_ecumenical_altar_gd
D:2:      layout_rooms, basic_altar
D:3:      layout_basic, ebering_ghost_sewer_f, serial_shops, shop
D:4:      layout_loops_ring, serial_shops, shop_fountains,
          nicolae_shop_waterfront, nicolae_shop_advertising_works
          [nicolae_subvault_shop_adworks], uniq_sigmund
D:5:      layout_basic, nicolae_overflow_crystal_walls, serial_shops,
          nicolae_shop_statue_plus, hangedman_abyss_or_decor_passed,
          amcnicky_altar_lugonu_corruption, uniq_edmund, uniq_eustachio
D:7:      minmay_skewed_foursquare, layout_cave_pods, uniq_maggie

Skill      XL: |  1  2  3  4  5  6  7  8 |
---------------+-------------------------+-----
Fighting       | 4 5 |  5.1
Maces & Flails | 3 4 5 6 |  6.8
Armour         | 4 5 6 |  6.2
Dodging        | 1 2 |  2.4
Shields        | 4 5 |  5.5

Action                   |  1- 3 |  4- 6 |  7- 9 || total
-------------------------+-------+-------+-------++-------
Melee: Flail             |   140 |   153 |   103 ||   396
  Use: Scroll            |     7 |       |     5 ||    12
       Potion            |       |     2 |     3 ||     5
Armor: Scale mail        |    81 |    84 |   127 ||   292
Dodge: Dodged            |    78 |    79 |    48 ||   205
       Repelled          |       |       |     2 ||     2
Block: Buckler           |    27 |    37 |    10 ||    74
       Tower shield      |       |       |    87 ||    87
